 Dungeon Crawl Stone Soup version 0.25-a0-294-gea9b1ad378 (webtiles) character file.

Game seed: 16559584293022693963, levelgen mode: deterministic

138 MoonlitKnight the Charmwright (level 5, -1/43 HPs)
             Began as a Gnoll Skald on Dec 18, 2019.
             Killed from afar by Sigmund (5 damage)
             ... with a magic dart
             ... on level 4 of the Dungeon.
             The game lasted 00:05:27 (3583 turns).

MoonlitKnight the Charmwright (Gnoll Skald)         Turns: 3583, Time: 00:05:27

Health: -1/43      AC:  6    Str: 14    XL:     5   Next: 21%
Magic:  10/12      EV: 13    Int: 16    God:
Gold:   143        SH:  0    Dex: 14    Spells: 4/14 levels left

rFire    . . .     SeeInvis .   a - +1 spear
rCold    . . .     Gourm    .   (no shield)
rNeg     . . .     Faith    .   k - +1 ring mail (curse)
rPois    .         Spirit   .   (no helmet)
rElec    .         Reflect  .   (no cloak)
rCorr    .         Harm     .   (no gloves)
MR       .....                  (no boots)
Stlth    +.........             (no amulet)
HPRegen  0.14/turn              (no ring)
MPRegen  0.13/turn              (no ring)

@: no status effects
A: distributed training, fangs 1, strong nose
a: no special abilities


You were on level 4 of the Dungeon.
You were hungry.

You visited 1 branch of the dungeon, and saw 4 of its levels.

You collected 143 gold pieces.

Inventory:

Hand Weapons
 a - a +1 spear (weapon)
Missiles
 i - 8 atropa-tipped darts
 r - 2 poisoned darts (quivered)
Armour
 k - a cursed +1 ring mail (worn)
Scrolls
 h - a scroll of teleportation
 j - a scroll of enchant weapon
Potions
 n - a potion of resistance
 u - a potion of agility {unknown}
 v - a potion of mutation {unknown}
 w - 2 potions of magic
Comestibles
 d - 3 rations


   Skills:
 + Level 4.7 Fighting
 + Level 1.4 Short Blades
 + Level 1.4 Long Blades
 + Level 1.4 Axes
 + Level 1.4 Maces & Flails
 + Level 4.7 Polearms
 + Level 1.4 Staves
 + Level 1.4 Slings
 + Level 1.4 Bows
 + Level 1.4 Crossbows
 + Level 1.4 Throwing
 + Level 2.9 Armour
 + Level 4.7 Dodging
 + Level 1.4 Stealth
 + Level 1.4 Shields
 + Level 1.4 Unarmed Combat
 + Level 5.1 Spellcasting
 + Level 1.1 Conjurations
 + Level 1.1 Hexes
 + Level 5.5 Charms
 + Level 1.1 Summonings
 + Level 1.1 Necromancy
 + Level 1.1 Translocations
 + Level 1.1 Transmutations
 + Level 1.1 Fire Magic
 + Level 1.1 Ice Magic
 + Level 1.1 Air Magic
 + Level 1.1 Earth Magic
 + Level 1.1 Poison Magic
 + Level 1.5 Invocations
 + Level 1.4 Evocations


You had 4 spell levels left.
You knew the following spells:

 Your Spells              Type           Power        Failure   Level  Hunger
b - Shroud of Golubria    Chrm/Tloc      ##....       12%         2    #......
c - Spectral Weapon       Hex/Chrm       ##......     22%         3    ###....
d - Regeneration          Chrm/Necr      ##........   22%         3    ###....
e - Song of Slaying       Chrm           ###.....     4%          2    #......

Your spell library contained the following spells:

 Spells                   Type           Power        Failure   Level  Hunger
 Infusion                 Chrm           ###.         3%          1    None


Dungeon Overview and Level Annotations

Branches:
Dungeon (4/15)
 Temple: D:4-7

Altars:

Annotations:
D:3 1 runed translucent door, MoonlitKnight's ghost, amateur GnSk
D:4 Dowan; Duvessa; Sigmund


Innate Abilities, Weirdness & Mutations

Your experience applies equally to all skills.
You have very sharp teeth.
Your uncanny sense of smell can sniff out nearby items.


Message History

You barely miss something.
The hound barks!
Something hits you but does no damage.
Your magical contamination has completely faded away.
You hit something. You hit something. Your bite misses something.
You barely miss something. Something hits you!
You hit something. You hit something but do no damage.
Something hits you but does no damage.
You closely miss something. You miss something. Something hits you!
* * * LOW HITPOINT WARNING * * *
You hit something. Your bite misses something. You barely miss something.
Something hits you.
* * * LOW HITPOINT WARNING * * *
You hit something.
You hear some strange, mumbled words.
A magic dart appears from out of thin air!
The magic dart hits you.
You die...

,,,,>,,,,,,,* *,******,*
,,,,,,,,***,***** *,* *,,
,,,,,,,,* *,,,,,* *,* *,*
,,,,,,,,* *****,*###****,** *,*
*,,,,,,,* *,∆..#,,,*,,* ***
*,,,,,,,* ***#.#,*,*,,* ***
,,*****,* ###.#,*,**,* *,*
$....#*,*******#<.<#,*,,,,* ***
(....#*,,.,.,,*#@###,******* *
.....#,,,...,,*#{# *,,,,,,,******
.....#,,,.....##h#######**,*,,,,,
.....$,,....@..........# *,*,****
....@##..........##....# *,,,*
....e...#####....#*,...# *****
....<...# #....#*,,..# ####e####
##...#****.# ,,,..# #...#
*,#*****


You could see a hound.

Vanquished Creatures
  An iguana (D:3)
  4 adders
  2 worms
  2 dart slugs
  A leopard gecko (D:3)
  An orc (D:3)
  5 giant cockroaches
  9 hobgoblins
  5 jackals (D:1)
  8 kobolds
  3 ball pythons (D:3)
  5 bats
  A frilled lizard (D:3)
  7 goblins
  7 rats
61 creatures vanquished.

Notes
Turn   | Place    | Note
-------+----------+-------------------------------------------
     0 | D:1      | MoonlitKnight the Gnoll Skald began the quest for the Orb.
     0 | D:1      | Reached XP level 1. HP: 20/20 MP: 6/6
   268 | D:1      | Reached XP level 2. HP: 23/26 MP: 7/7
   583 | D:1      | Learned a level 2 spell: Shroud of Golubria
   819 | D:1      | Reached XP level 3. HP: 30/31 MP: 9/9
   859 | D:1      | Reached skill level 5 in Spellcasting
  1256 | D:2      | Reached skill level 1 in Invocations
  1722 | D:2      | Learned a level 3 spell: Spectral Weapon
  1726 | D:2      | Learned a level 3 spell: Regeneration
  1729 | D:2      | Learned a level 2 spell: Song of Slaying
  2457 | D:3      | Reached skill level 1 in Short Blades
  2457 | D:3      | Reached skill level 1 in Long Blades
  2457 | D:3      | Reached skill level 1 in Axes
  2457 | D:3      | Reached skill level 1 in Maces & Flails
  2457 | D:3      | Reached skill level 1 in Staves
  2457 | D:3      | Reached skill level 1 in Slings
  2457 | D:3      | Reached skill level 1 in Bows
  2457 | D:3      | Reached skill level 1 in Crossbows
  2457 | D:3      | Reached skill level 1 in Throwing
  2457 | D:3      | Reached skill level 1 in Stealth
  2457 | D:3      | Reached skill level 1 in Shields
  2457 | D:3      | Reached skill level 1 in Unarmed Combat
  2457 | D:3      | Reached skill level 1 in Evocations
  2511 | D:3      | Reached XP level 4. HP: 38/38 MP: 11/11
  2929 | D:3      | Noticed MoonlitKnight's ghost (amateur GnSk)
  2987 | D:3      | Found a runed translucent door.
  3022 | D:3      | Reached skill level 1 in Conjurations
  3022 | D:3      | Reached skill level 1 in Hexes
  3022 | D:3      | Reached skill level 1 in Summonings
  3022 | D:3      | Reached skill level 1 in Necromancy
  3022 | D:3      | Reached skill level 1 in Translocations
  3022 | D:3      | Reached skill level 1 in Transmutations
  3022 | D:3      | Reached skill level 1 in Fire Magic
  3022 | D:3      | Reached skill level 1 in Ice Magic
  3022 | D:3      | Reached skill level 1 in Air Magic
  3022 | D:3      | Reached skill level 1 in Earth Magic
  3022 | D:3      | Reached skill level 1 in Poison Magic
  3167 | D:3      | Reached XP level 5. HP: 32/43 MP: 3/12
  3369 | D:4      | Noticed Sigmund
  3369 | D:4      | Noticed Duvessa
  3369 | D:4      | Noticed Dowan
  3583 | D:4      | Killed from afar by Sigmund

Levels and vault maps discovered:
D:1:      lemuel_arrival_funnel, layout_basic, ebering_dispersal_statue_hall
D:2:      layout_loops_ring
D:3:      layout_basic, hellmonk_ghost_happy_afterlife
D:4:      layout_basic, makhleb_altar_promises_db, uniq_sigmund, uniq_duvessa

Skill      XL: |  1  2  3  4 |
---------------+-------------+-----
Spellcasting   | 5 |  5.1
Invocations    | 1 |  1.5
Short Blades   | 1 |  1.4
Long Blades    | 1 |  1.4
Axes           | 1 |  1.4
Maces & Flails | 1 |  1.4
Staves         | 1 |  1.4
Slings         | 1 |  1.4
Bows           | 1 |  1.4
Crossbows      | 1 |  1.4
Throwing       | 1 |  1.4
Stealth        | 1 |  1.4
Shields        | 1 |  1.4
Unarmed Combat | 1 |  1.4
Evocations     | 1 |  1.4
Conjurations   | 1 |  1.1
Hexes          | 1 |  1.1
Summonings     | 1 |  1.1
Necromancy     | 1 |  1.1
Translocations | 1 |  1.1
Transmutations | 1 |  1.1
Fire Magic     | 1 |  1.1
Ice Magic      | 1 |  1.1
Air Magic      | 1 |  1.1
Earth Magic    | 1 |  1.1
Poison Magic   | 1 |  1.1
Fighting       | |  4.7
Polearms       | |  4.7
Armour         | |  2.9
Dodging        | |  4.7
Charms         | |  5.5

Action                   |  1- 3 |  4- 6 || total
-------------------------+-------+-------++-------
Melee: Spear             |   158 |   135 ||   293
       Bite              |    11 |    13 ||    24
       Punch             |     1 |     2 ||     3
 Cast: Spectral Weapon   |       |     5 ||     5
       Regeneration      |       |     1 ||     1
  Use: Scroll            |       |    10 ||    10
 Stab: Sleeping          |     1 |     2 ||     3
       Distracted        |       |     1 ||     1
  Eat: Chunk             |     3 |     2 ||     5
       Ration            |     1 |       ||     1
Armor: Leather armour    |    14 |     8 ||    22
       Ring mail         |       |     7 ||     7
Dodge: Dodged            |    71 |    71 ||   142

Table legend:
 A = Non-vault XP
 B = Vault XP
 C = Vault XP percentage of total XP
 D = Non-vault monster count
 E = Vault monster count
 F = Vault count percentage of total count
                 A         B        C        D         E       F
            +---------+---------+-------+---------+---------+-------
      Total |     198 |       0 |   0.0 |      61 |       0 |   0.0
            +---------+---------+-------+---------+---------+-------
        D:1 |      44 |       0 |   0.0 |      25 |       0 |   0.0
        D:2 |      30 |       0 |   0.0 |       7 |       0 |   0.0
        D:3 |     124 |       0 |   0.0 |      29 |       0 |   0.0
            +---------+---------+-------+---------+---------+-------
